 Dungeon Crawl Stone Soup version 0.29-a0-872-g797fff5ad1 (webtiles) character file.

Game seed: 6933525938575101941

66 porpoise the Caller (level 4, -1/34 HPs)
             Began as a Barachi Summoner on July 19, 2022.
             Slain by a gnoll
             ... wielding a +0 spear
              (5 damage)
             ... on level 2 of the Dungeon.
             The game lasted 00:07:13 (2853 turns).

porpoise the Caller (Barachi Summoner)              Turns: 2853, Time: 00:07:14

Health: -1/34      AC:  3    Str:  9    XL:     4   Next: 15%
Magic:  3/8        EV: 12    Int: 17    God:
Gold:   20         SH:  0    Dex: 13    Spells: 2/8 levels left

rFire   . . .      SeeInvis .   a - +4 dagger (speed)
rCold   . . .      Faith    .   (no shield)
rNeg    . . .      Spirit   .   c - +0 robe
rPois   .          Reflect  .   (no helmet)
rElec   .          Harm     .   (no cloak)
rCorr   .          Rampage  .   d - +0 pair of gloves
Will    .....                   (no boots)
Stlth   ++........              (no amulet)
HPRegen 0.11/turn               (no ring)
MPRegen 0.11/turn               (no ring)

@: slow
A: amphibious, slowness 1, strong legs 1, +LOS
a: Hop


You were on level 2 of the Dungeon.
You visited 1 branch of the dungeon, and saw 2 of its levels.

You collected 20 gold pieces.

Inventory:

Hand Weapons
 a - a +4 dagger of speed (weapon)
Missiles
 n - 6 poisoned darts
Armour
 c - a +0 robe (worn)
 d - a +0 pair of gloves (worn)
 m - a +0 leather armour
Scrolls
 f - a scroll of amnesia {unknown}
 g - a scroll of enchant weapon {unknown}
 j - a scroll of fear {unknown}
 l - a scroll of blinking {unknown}
Potions
 b - a potion of magic
 e - a potion of lignification {unknown}
 h - a potion of haste {unknown}
 i - a potion of brilliance {unknown}
 k - 2 potions of curing {unknown}


   Skills:
 * Level 2.5 Fighting
 - Level 2.1 Dodging
 - Level 1.7 Stealth
 + Level 2.9 Spellcasting
 * Level 5.5 Summonings


You had 2 spell levels left.
You knew the following spells:

 Your Spells              Type           Power      Damage    Failure   Level
a - Summon Small Mammal   Summ           84%        N/A       1%          1
b - Call Imp              Summ           21%        N/A       2%          2
c - Call Canine Familiar  Summ           21%        N/A       5%          3

Your spell library contained the following spells:

 Spells                   Type           Power      Damage    Failure   Level
 Summon Guardian Golem    Hex/Summ       11%        N/A       17%         3
 Summon Lightning Spire   Summ/Air       11%        N/A       50%         4


Dungeon Overview and Level Annotations

Branches:
Dungeon (2/15)

Altars:


Innate Abilities, Weirdness & Mutations

You are amphibious.
You cover ground slowly.
You can hop short distances.
You have an extended range of vision and can be seen from far away.


Message History

* * * LOW HITPOINT WARNING * * *
The gnoll closely misses your rat.
Your rat completely misses the gnoll.
Your quokka barely misses the gnoll.
The gnoll barely misses you. The gnoll barely misses your rat.
The gnoll closely misses your crimson imp.
Your rat misses the gnoll.
Your quokka bites the gnoll.
The gnoll dies!
Your crimson imp barely misses the gnoll.
You have reached level 4!
You feel agile.
You climb upwards.
Your summoned allies are left behind.
There is a stone staircase leading down here.
You start resting.
Magic restored.
You start resting.
HP restored.
You climb downwards.
The gnoll closely misses you. The gnoll hits you with a +0 club.
The gnoll hits you from afar with a +0 spear!
There is a stone staircase leading up, spattered with blood here.
You see here a throwing net.
Casting: Call Canine Familiar (dangerous; 5% risk of failure)
Confirm with . or Enter, or press ? or * to list all spells.
The gnoll hits you from afar with a +0 spear.
The gnoll hits you with a +0 club.
Casting: Summon Small Mammal (safe; 1% risk of failure)
Confirm with . or Enter, or press ? or * to list all spells.
Your quokka completely misses the gnoll.
The gnoll misses you.
The gnoll hits you from afar with a +0 spear.
Casting: Summon Small Mammal (safe; 1% risk of failure)
Confirm with . or Enter, or press ? or * to list all spells.
Your quokka closely misses the gnoll.
Your quokka bites the gnoll.
The gnoll hits you from afar with a +0 spear!
* * * LOW HITPOINT WARNING * * *
The gnoll misses you.
Unknown command.
Your quokka closely misses the gnoll.
Your quokka barely misses the gnoll.
The gnoll hits you from afar with a +0 spear.
You die...

#.##..#
#..# ...#
###.#
#### #>.
... ####
##. ..
...# #.
... .#
#.##h#..#
#rg@)..#
####.#..#


rg. .# ##.# .# # You could see 2 gnolls, a friendly hound (summoned) and 2
friendly quokkas.

Vanquished Creatures
  An adder (D:2)
  6 bats
  An endoplasm (D:1)
  A giant cockroach (D:1)
  3 hobgoblins (D:1)
  2 kobolds (D:1)
  5 ball pythons
  2 frilled lizards (D:1)
  3 goblins (D:1)
  2 rats (D:1)
26 creatures vanquished.

Vanquished Creatures (collateral kills)
  A gnoll (D:2)
  A worm (D:2)
  A ball python (D:1)
  2 endoplasms (D:1)
  4 goblins (D:1)
  3 hobgoblins (D:2)
  3 kobolds
  2 rats (D:1)
17 creatures vanquished.

Vanquished Creatures (others)
  A plant (D:1)
1 creature vanquished.

Grand Total: 44 creatures vanquished

Notes
Turn   | Place    | Note
-------+----------+-------------------------------------------
     0 | D:1      | porpoise the Barachi Summoner began the quest for the Orb.
     0 | D:1      | Reached XP level 1. HP: 13/13 MP: 3/3
   150 | D:1      | Found a faded altar of an unknown god.
   178 | D:1      | Reached skill level 5 in Summonings
   188 | D:1      | Reached XP level 2. HP: 18/20 MP: 5/5
   235 | D:1      | Reached skill level 1 in Fighting
   325 | D:1      | HP: 1/21 [goblin/+0 club (3)]
  1409 | D:1      | Learned a level 2 spell: Call Imp
  1609 | D:1      | Reached XP level 3. HP: 24/27 MP: 3/6
  1799 | D:1      | You fall into a shaft and drop 1 floor!
  2238 | D:1      | Learned a level 3 spell: Call Canine Familiar
  2604 | D:2      | Reached XP level 4. HP: 7/34 MP: 0/8
  2853 | D:2      | Slain by a gnoll

Illustrated notes

Levels and vault maps discovered:
D:1:      nzn_arrival_water_spiral, layout_loops_ring,
          shapermc_ecumenical_altar_gd, serial_forest, infiniplex_forest_pool,
          infiniplex_forest_split, infiniplex_forest_fountain,
          infiniplex_forest_fountain, infiniplex_forest_split,
          infiniplex_forest_lined_2, infiniplex_forest_pool,
          infiniplex_forest_lined_2, minmay_3d_cube
D:2:      layout_loops_ring

Skill      XL: |  1  2  3 |
---------------+----------+-----
Summonings     | 5 |  5.5
Fighting       | 1 2 |  2.5
Dodging        | |  2.1
Stealth        | |  1.7
Spellcasting   | |  2.9

Action                   |  1- 3 |  4- 6 || total
-------------------------+-------+-------++-------
Melee: Dagger            |   125 |       ||   125
       Unarmed           |     4 |       ||     4
 Cast: Summon Small Mamm |    21 |     2 ||    23
       Call Imp          |     6 |       ||     6
       Call Canine Famil |     1 |     1 ||     2
 Stab: Sleeping          |     4 |       ||     4
Armor: Robe              |    40 |       ||    40
Dodge: Dodged            |    92 |     3 ||    95

Table legend: (Time is in decaauts)
 A = Elapsed time spent in this place.
 B = Non-inter-level travel time spent in this place.
 C = Inter-level travel time spent in this place.
 D = Time resting spent in this place.
 E = Time spent auto-exploring this place.
 F = Levels seen in this place.
 G = Mean time per level.
                   A        B        C        D        E       F      G
               +--------+--------+--------+--------+--------+-----+--------+
         Total |   3039 |   3002 |     37 |   1351 |   1226 |   2 | 1519.5 |
       Dungeon |   3039 |   3002 |     37 |   1351 |   1226 |   2 | 1519.5 |
               +--------+--------+--------+--------+--------+-----+--------+

Top non-repeatable levels by time:
     D:1: 2659 daAuts
     D:2: 380 daAuts
